 Dungeon Crawl Stone Soup version 0.30-a0-137-gd8773701ce (webtiles) character file.

Game seed: 4997857986032887761

111 LnG the Caller (level 5, -7/28 HPs)
             Began as a Kobold Summoner on Sept 23, 2022.
             Killed by divine providence
             ... invoked by an orc priest
              (14 damage)
             ... on level 3 of the Dungeon.
             The game lasted 00:08:20 (2505 turns).

LnG the Caller (Kobold Summoner)                    Turns: 2505, Time: 00:08:22

Health: -7/28      AC:  2    Str:  5    XL:     5   Next: 15%
Magic:  8/9        EV: 15    Int: 18    God:
Gold:   103        SH:  0    Dex: 16    Spells: 3/9 levels left

rFire   . . .      SeeInvis .    f - +0 dagger
rCold   . . .      Faith    .    (no shield)
rNeg    . . .      Spirit   .    a - +0 robe
rPois   .          Reflect  .    (no helmet)
rElec   .          Harm     .    (no cloak)
rCorr   .          Rampage  .    (no gloves)
Will    .....                    (no boots)
Stlth   ++++......               (no amulet)
HPRegen 0.09/turn                (no ring)
MPRegen 0.11/turn                (no ring)

@: no status effects
A: small, no large weapons, nightstalker 3
a: no special abilities


You were on level 3 of the Dungeon.
You visited 1 branch of the dungeon, and saw 3 of its levels.

You collected 103 gold pieces.

Inventory:

Hand Weapons
 f - a +0 dagger (weapon)
Armour
 a - a +0 robe (worn)
Scrolls
 g - a scroll of amnesia
 i - a scroll of teleportation
 k - a scroll of summoning
 m - a scroll of noise {unknown}
Potions
 b - a potion of magic
 d - a potion of haste {unknown}
 e - 2 potions of curing {unknown}
 h - a potion of degeneration {unknown}
 j - a potion of might {unknown}
 l - a potion of lignification {unknown}


   Skills:
 + Level 0.2 Fighting
 + Level 1.0 Short Blades
 + Level 2.8 Dodging
 + Level 4.2 Stealth
 + Level 2.9 Spellcasting
 + Level 4.9 Summonings


You had 3 spell levels left.
You knew the following spells:

 Your Spells              Type           Power      Damage    Failure   Level
a - Summon Small Mammal   Summ           80%        N/A       2%          1
b - Call Imp              Summ           20%        N/A       3%          2
c - Call Canine Familiar  Summ           20%        N/A       6%          3

Your spell library contained the following spells:

 Spells                   Type           Power      Damage    Failure   Level
 Summon Guardian Golem    Hex/Summ       11%        N/A       19%         3
 Summon Lightning Spire   Summ/Air       11%        N/A       52%         4


Dungeon Overview and Level Annotations

Branches:
Dungeon (3/15)

Altars:

Annotations:
D:2 Crazy Yiuf


Innate Abilities, Weirdness & Mutations

You are small and have problems with some larger weapons.
You are completely attuned to the shadows.


Message History

You hit the hobgoblin but do no damage.
The hobgoblin is lightly wounded.
The giant cockroach closely misses you. The hobgoblin closely misses you.
You hit the hobgoblin.
The hobgoblin is severely wounded.
The giant cockroach misses you. The hobgoblin closely misses you.
The giant cockroach bites you but does no damage.
You hit the hobgoblin.
You kill the hobgoblin!
Your hound closely misses the giant cockroach.
The giant cockroach bites you but does no damage.
Your hound bites the giant cockroach.
The giant cockroach waves its antennae.
The giant cockroach misses your hound.
Your hound closely misses the giant cockroach.
Your hound bites the giant cockroach.
The giant cockroach dies!
Your hound bites the orc priest.
Your hound barely misses the orc priest.
You hit the orc priest.
The orc priest is almost dead.
Your hound barely misses the orc priest.
The orc priest invokes the aid of Beogh against you.
Beogh smites you!
* * * LOW HITPOINT WARNING * * *
You hit the orc priest but do no damage.
The orc priest is almost dead.
Your hound closely misses the orc priest.
The orc priest misses you.
Your hound bites the orc priest but does no damage.
You hit the orc priest but do no damage.
The orc priest is almost dead.
Your hound bites the orc priest.
The orc priest misses you.
You hit the orc priest but do no damage.
The orc priest is almost dead.
Your hound bites the orc priest but does no damage.
The orc priest invokes the aid of Beogh against you.
Beogh smites you!
Ouch! That really hurt!
You die...

##.. . #.##
.o#.#...#.#
#...##..#
.###
#o..##.#
....
#..)#..#
...
#.##<#.#
####.#.. #
###.#
#h†.....
#.#
#o##.#.#
#.# #@# .#
#.####.# .#
#......# ..
....#######
.##. #. #.


You could see an orc priest (ally target) and a friendly hound (summoned).

Vanquished Creatures
  3 adders (D:2)
  A dart slug (D:2)
  An orc (D:3)
  7 ball pythons
  4 endoplasms
  2 giant cockroaches (D:2)
  3 goblins
  2 hobgoblins
  2 kobolds (D:1)
  3 quokkas (D:1)
  4 bats
  4 frilled lizards
  3 rats
39 creatures vanquished.

Vanquished Creatures (collateral kills)
  An adder (D:2)
  2 dart slugs
  3 ball pythons
  3 endoplasms
  2 giant cockroaches
  4 goblins
  2 hobgoblins (D:1)
  A quokka (D:2)
  2 bats
  4 frilled lizards (D:1)
  2 kobolds
26 creatures vanquished.

Grand Total: 65 creatures vanquished

Notes
Turn   | Place    | Note
-------+----------+-------------------------------------------
     0 | D:1      | LnG the Kobold Summoner began the quest for the Orb.
     0 | D:1      | Reached XP level 1. HP: 10/10 MP: 3/3
    57 | D:1      | Found a faded altar of an unknown god.
   314 | D:1      | Reached XP level 2. HP: 15/15 MP: 1/5
   317 | D:1      | Learned a level 2 spell: Call Imp
   697 | D:1      | Reached XP level 3. HP: 19/19 MP: 6/6
   703 | D:1      | Learned a level 3 spell: Call Canine Familiar
  1433 | D:2      | Reached skill level 1 in Short Blades
  1433 | D:2      | Reached XP level 4. HP: 22/24 MP: 7/7
  2107 | D:2      | Reached XP level 5. HP: 28/28 MP: 9/9
  2273 | D:2      | Found a runed translucent door.
  2276 | D:2      | Noticed Crazy Yiuf
  2505 | D:3      | Killed from afar by an orc priest

Illustrated notes

Levels and vault maps discovered:
D:1:      dpeg_arrival_signposts, layout_basic,
          shapermc_ecumenical_altar_totnotflames
D:2:      layout_rooms, uniq_crazy_yiuf_cottage
D:3:      layout_loops_ring, grunt_temple_overflow_diamond,
          mainiacjoe_overflow_paths, marbit_many_paths

Skill      XL: |  1  2  3  4 |
---------------+-------------+-----
Stealth        | 3 4 |  4.2
Short Blades   | 1 |  1.0
Fighting       | |  0.2
Dodging        | |  2.8
Spellcasting   | |  2.9
Summonings     | |  4.9

Action                   |  1- 3 |  4- 6 || total
-------------------------+-------+-------++-------
Melee: Dagger            |    57 |    52 ||   109
       Punch             |     1 |       ||     1
 Cast: Summon Small Mamm |    21 |     2 ||    23
       Call Imp          |     5 |     1 ||     6
       Call Canine Famil |       |     8 ||     8
  Use: Scroll            |     2 |     3 ||     5
 Stab: Sleeping          |    16 |    12 ||    28
       Distracted        |       |     1 ||     1
Armor: Robe              |     5 |     6 ||    11
Dodge: Dodged            |    29 |    29 ||    58

Table legend: (Time is in decaauts)
 A = Elapsed time spent in this place.
 B = Non-inter-level travel time spent in this place.
 C = Inter-level travel time spent in this place.
 D = Time resting spent in this place.
 E = Time spent auto-exploring this place.
 F = Levels seen in this place.
 G = Mean time per level.
                   A        B        C        D        E       F      G
               +--------+--------+--------+--------+--------+-----+--------+
         Total |   2500 |   2454 |     46 |    567 |   1327 |   3 |  833.3 |
       Dungeon |   2500 |   2454 |     46 |    567 |   1327 |   3 |  833.3 |
               +--------+--------+--------+--------+--------+-----+--------+

Top non-repeatable levels by time:
     D:1: 1200 daAuts
     D:2: 1140 daAuts
     D:3: 160 daAuts
